AoeStats
← Sid

Arabia

508589188Analyzed
2v2 RM · 9d ago on Sep 23, 2026· 57m 58s· 4 players
Game mode
Random Map
Map size
Medium (4 player)
Population
200
Speed
Normal
Resources
Standard
Victory
Conquest
Starting age
Dark Age
Ending age
Imperial Age
RankedLock teamsTeams togetherTeam positionsShared explorationLock speedFull tech treeHidden civsTurbo modeCheats
Victory
Defeat
🇨🇴 Magyars · Colombia
1509
+6
🇨🇴 Ethiopians · Colombia
1239
+16
🇯🇵 Varangians · Japan
1260
-11
🇯🇵 Saxons · Japan
1254
-11
fumin
6:16 Loom
9:15 Feudal Age
9:18 Man-at-Arms
9:44 Double-Bit Axe
11:54 Wheelbarrow
19:20 Fletching
27:09 Castle Age
25:04 Horse Collar
26:12 Gold Mining
26:23 Padded Archer Armor
27:12 Crossbowman
27:48 Bodkin Arrow
29:22 Gold Shaft Mining
30:05 Ballistics
30:31 Bow Saw
32:23 Heavy Plow
34:54 Thumb Ring
34:09 Elite Skirmisher
44:27 Imperial Age
42:31 Scale Mail Armor
42:50 Leather Archer Armor
44:40 Arbalester
45:34 Bracer
46:37 Town Watch
53:09 Two-Man Saw
52:39 Crop Rotation
54:26 Elite Varangian Guard
55:43 Scale Mail Armor
Sid
6:30 Loom
8:55 Feudal Age
9:31 Double-Bit Axe
14:06 Horse Collar
17:28 Wheelbarrow
17:19 Bloodlines
22:29 Castle Age
20:43 Forging
20:44 Scale Barding Armor
20:45 Gold Mining
20:50 Stone Mining
22:55 Forging
23:20 Heavy Plow
23:55 Chain Barding Armor
23:40 Pikeman
24:56 Light Cavalry
25:46 Husbandry
27:20 Iron Casting
31:41 Bow Saw
40:25 Fletching
45:43 Imperial Age
44:20 Devotion
45:02 Hand Cart
44:35 Town Watch
45:22 Bodkin Arrow
45:28 Scale Mail Armor
46:10 Caravan
46:13 Vendel Legacy
46:56 Cavalier
51:34 Plate Barding Armor
54:28 Conscription
FC_YeyeAge10
2:28 Loom
9:32 Feudal Age
10:26 Double-Bit Axe
15:25 Horse Collar
20:41 Scale Barding Armor
24:24 Castle Age
25:36 Bow Saw
24:47 Light Cavalry
25:40 Bloodlines
25:36 Husbandry
36:38 Chain Barding Armor
40:01 Wheelbarrow
39:11 Town Watch
39:33 Heavy Plow
41:44 Fletching
45:03 Imperial Age
42:49 Hand Cart
42:27 Gold Mining
44:55 Gold Shaft Mining
44:49 Ballistics
44:40 Masonry
44:27 Bodkin Arrow
45:09 Cavalier
46:26 Plate Barding Armor
47:31 Two-Man Saw
48:19 Paladin
51:57 Conscription
53:10 Herbal Medicine
55:38 Chemistry
54:39 Bracer
58:14 Hoardings
57:22 Treadmill Crane
FC_Jos3
6:23 Loom
9:10 Feudal Age
10:09 Double-Bit Axe
16:38 Fletching
22:46 Castle Age
23:11 Wheelbarrow
22:18 Horse Collar
22:30 Gold Mining
22:48 Crossbowman
23:24 Bodkin Arrow
24:35 Gold Shaft Mining
24:16 Bow Saw
27:52 Ballistics
28:42 Thumb Ring
30:51 Padded Archer Armor
36:38 Leather Archer Armor
36:16 Town Watch
36:47 Hand Cart
37:55 Town Patrol
50:15 Imperial Age
50:59 Bracer
50:20 Arbalester
52:03 Chemistry
51:51 Conscription
52:06 Ring Archer Armor
54:03 Caravan
Connection lost

Rejoining the realm…

Still unreachable

The connection could not be restored.

Session expired

The server has moved on; the page needs a fresh start.